 Dungeon Crawl Stone Soup version 0.31.0-32-g396128a36d (webtiles) character file.

Game seed: 18216286837504748189

9658 spaghetti the Basher (level 11, -1/100 HPs)
             Began as an Oni Chaos Knight on Mar 11, 2024.
             Was a Plaything of Xom.
             Slain by an eight-headed hydra (13 damage)
             ... on level 2 of the Lair of Beasts.
             The game lasted 00:14:42 (12063 turns).

spaghetti the Basher (Oni Chaos Knight)            Turns: 12063, Time: 00:14:42

Health: -1/100     AC:  5    Str: 18    XL:     11   Next: 49%
Magic:  13/18      EV:  9    Int: 20    God:    Xom [*.....]
Gold:   674        SH:  5    Dex:  8    Spells: 8/20 levels left

rFire   + . .        t - +9 spear of Experimentation {vamp, rPois Int+3 Stlth+}
rCold   x . .        (no shield)
rNeg    . . .        b - +2 robe
rPois   +            (helmet restricted)
rElec   .            (no cloak)
rCorr   .            (gloves unavailable)
SInv    .            (boots unavailable)
Will    +....        m - amulet of reflection
Stlth   ++           k - +4 ring of slaying
HPRegen 0.36/turn    n - ring of fire
MPRegen 0.16/turn

%: reflection
@: animating dead
A: large, unfitting armour, horns 1, tough skin 1, double potion healing,
drunken brawling, sense surroundings 1, inability to read after injury 1
a: Renounce Religion


You were on level 2 of the Lair of Beasts.
You worshipped Xom.
You were a special plaything of Xom.
You visited 2 branches of the dungeon, and saw 12 of its levels.

You collected 674 gold pieces.

Inventory:

Hand Weapons
 a - a +0 mace of chaos
 q - a +1 spectral club
 t - the +9 spear of Experimentation (weapon) {vamp, rPois Int+3 Stlth+}
   (You found it on level 7 of the Dungeon)

   Int+3:     It affects your intelligence (+3).
   rPois:     It protects you from poison Stlth+: It makes you more stealthy.
 K - a +0 lajatang of venom
Missiles
 f - a throwing net (quivered)
 w - 99 stones
Armour
 b - a +2 robe (worn)
Jewellery
 k - a +4 ring of slaying (left hand)
 m - an amulet of reflection (around neck)
 n - a ring of fire (right hand)
 A - a ring of fire
 B - an amulet of faith
Wands
 p - a wand of flame (20)
 z - a wand of charming (17)
 E - a wand of mindburst (7)
 H - a wand of quicksilver (2)
Scrolls
 c - a scroll of butterflies
 d - 2 scrolls of amnesia
 h - a scroll of noise
 j - a scroll of vulnerability
 l - 5 scrolls of revelation
 x - 7 scrolls of teleportation
 y - 2 scrolls of enchant weapon
 D - a scroll of fog
 F - a scroll of torment
 G - 3 scrolls of fear
 I - 3 scrolls of poison {unknown}
 J - a scroll of silence {unknown}
Potions
 e - 3 potions of heal wounds
 g - 2 potions of haste
 i - 2 potions of cancellation {unknown}
 o - a potion of lignification
 s - 3 potions of curing
 v - 2 potions of brilliance
 C - 3 potions of enlightenment


   Skills:
 - Level 4.0 Fighting
 - Level 12.2 Maces & Flails
 - Level 2.1 Dodging
 + Level 5.2 Spellcasting
 - Level 6.0 Summonings
 * Level 9.5 Necromancy


You had 8 spell levels left.
You knew the following spells:

 Your Spells              Type           Power      Damage    Failure   Level
a - Call Imp              Summ           58%        N/A       1%          2
b - Animate Dead          Necr           43%        N/A       2%          4
c - Death Channel         Necr           21%        N/A       34%         6

Your spell library contained the following spells:

 Spells                   Type           Power      Damage    Failure   Level
 Vampiric Draining        Necr           43%        2d9       1%          3
 Apportation              Tloc           10%        N/A       12%         1
 Freeze                   Ice            20%        1d4       12%         1
 Magic Dart               Conj           20%        1d4       12%         1
 Sandblast                Erth           10%        2d5       12%         1
 Shock                    Conj/Air       20%        1d4       12%         1
 Slow                     Hex            20%        N/A       12%         1
 Blink                    Tloc           10%        N/A       17%         2
 Jinxbite                 Hex            10%        N/A       17%         2
 Mercury Vapours          Alch/Air       10%        N/A       17%         2
 Confusing Touch          Hex            5%         N/A       34%         3
 Dazzling Flash           Conj/Hex       10%        N/A       34%         3
 Frozen Ramparts          Ice            10%        1d2       34%         3
 Hailstorm                Conj/Ice       5%         3d5       34%         3
 Mephitic Cloud           Conj/Alch/Air  5%         N/A       34%         3
 Sigil of Binding         Hex            5%         N/A       34%         3
 Swiftness                Air            5%         N/A       34%         3
 Borgnjor's Vile Clutch   Necr/Erth      12%        N/A       41%         5
 Airstrike                Air            2%         2d(1-17)  75%         4
 Brom's Barrelling Bould  Conj/Erth      5%         2d3       75%         4
 Leda's Liquefaction      Alch/Erth      2%         N/A       75%         4
 Alistair's Intoxication  Alch           3%         N/A       97%         5
 Fireball                 Conj/Fire      3%         3d4       97%         5
 Freezing Cloud           Conj/Ice/Air   2%         6-21      97%         5
 Iskenderun's Battlesphe  Conj           5%         2d6       97%         5
 Lee's Rapid Deconstruct  Erth           2%         3d5*      97%         5
 Yara's Violent Unravell  Hex/Alch       2%         3d3       97%         5
 Haunt                    Necr/Summ      18%        N/A       99%         7
 Bombard                  Conj/Erth      2%         9d1       100%        6
 Conjure Ball Lightning   Conj/Air       2%         3x3d6     100%        6
 Orb of Destruction       Conj           2%         9d5       100%        7
 Infestation              Necr           21%        N/A       100%        8
 Lehudib's Crystal Spear  Conj/Erth      2%         10d2      100%        8


Dungeon Overview and Level Annotations

Branches:
Dungeon (10/15)            Temple (0/1) D:4            Lair (2/5) D:10
    Orc (0/2) D:9
  Swamp: Lair:2-3    Shoals: Lair:2-3     Snake: Lair:2-3    Spider: Lair:2-3

Altars:
Cheibriados
Fedhas
Hepliaklqana
Kikubaaqudgha
Nemelex Xobeh
Okawaru
Qazlal
Sif Muna
Trog
Wu Jian
Zin

Shops:
D:3 :   D:5 (

Portals:
Abyss: D:6
Trove: D:10 (give 2 scrolls of acquirement)
Ice
Cave: Lair:2

Annotations:
D:5 exclusion: door
D:6 2 transporters, lchwts's ghost, novice MiFi


Innate Abilities, Weirdness & Mutations

You are too large for most types of armour.
You have a pair of small horns on your head.
You have tough skin. (AC +1)
You gain doubled healing and magic from potions.
Whenever you drink a healing potion, you attack all around you.
You passively map a small area around you.
You occasionally lose the ability to read scrolls when taking damage.


Message History

The eight-headed hydra is severely wounded.
The iceblast engulfs the yak.
The yak is almost dead.
The now-empty wand crumbles to dust.
Your cerulean imp barely misses the eight-headed hydra.
No previous command to re-do.
Throw: 2 throwing nets
Press: ? - help, Q - select action, (/) - cycle Shift-Dir - straight line, f/p - eight-headed hydra
Aim: an eight-headed hydra (severely wounded, ally target, 78% to hit)
You throw a throwing net.
The throwing net barely misses the eight-headed hydra.
The throwing net hits the yak.
The yak is caught in the net!
The yak is almost dead.
The eight-headed hydra bites you. x2; The eight-headed hydra bites you! x2
You block the eight-headed hydra's attack.
The eight-headed hydra bites you but does no damage.
The eight-headed hydra bites you!
The eight-headed hydra completely misses you.
Your cerulean imp hits the eight-headed hydra with a -2 spear.
The yak struggles against the net.
Unknown command.
You puncture the eight-headed hydra!
The eight-headed hydra is severely wounded.
You block the eight-headed hydra's attack.
The eight-headed hydra bites you but does no damage.
The eight-headed hydra bites you! x2
The eight-headed hydra barely misses you.
The eight-headed hydra completely misses you.
The eight-headed hydra closely misses you.
The eight-headed hydra misses you.
Your cerulean imp hits the eight-headed hydra with a -2 spear.
The yak struggles against the net.
The eight-headed hydra bites you!
* * * LOW HITPOINT WARNING * * *
The eight-headed hydra bites you.
* * * LOW HITPOINT WARNING * * *
The eight-headed hydra bites you!
* * * LOW HITPOINT WARNING * * *
The eight-headed hydra bites you!
You die...
Xom chuckles heartily!

* ####* #####* * *
##.#P#######...P##. ,
............@DY.Y...
............5.YY.... ..
..................#.#.# , *
,P.###..##.....#.##..##* ##
##.###.........#.....##..#
* ,
#.....Z##.....#.......#.#*
* #......##.....#.........#
*#......#...^..##.....P#.##
,
,+......##.....+......##..#


You could see an eight-headed hydra (ally target), 4 yaks and a friendly
cerulean imp (summoned).

Vanquished Creatures
  A deep elf pyromancer (D:10)
  2 cane toads
  A komodo dragon (Lair:2)
  A troll (D:10)
  Grinder (D:4)
  2 blink frogs (Lair:2)
  A shadow (D:10)
  A yak (D:9)
  2 steam dragons
  A basilisk (Lair:1)
  3 water moccasins
  An acid dragon (D:9)
  2 orc warriors
  3 ice beasts
  4 black bears
  3 sky beasts
  A centaur (D:8)
  2 phantoms
  A lemure (D:9)
  A kobold brigand (D:10)
  3 bullfrogs
  A gnoll sergeant (D:8)
  A necrophage (D:10)
  5 scorpions
  7 wights
  3 killer bees (D:10)
  A howler monkey (D:10)
  3 bombardier beetles
  3 hounds
  A gnoll bouda (D:9)
  6 orc priests
  Ijyb (D:5)
  Terence (D:2)
  6 iguanas
  13 orc wizards
  A sleepcap (D:6)
  6 gnolls
  7 adders
  A shadow imp (D:5)
  A white imp (D:6)
  3 dart slugs
  A ribbon worm (D:2)
  22 orcs
  4 bats (D:2)
  8 endoplasms
  3 giant cockroaches
  8 goblins
  7 hobgoblins
  3 jackals (D:4)
  4 quokkas
  11 ball pythons
  4 frilled lizards
  12 kobolds
  5 rats
200 creatures vanquished.

Vanquished Creatures (collateral kills)
  Pikel (D:9)
  A cane toad (Lair:1)
  A polar bear (Lair:1)
  2 blink frogs (Lair:2)
  A spriggan (D:10)
  A wyvern (D:9)
  3 yaks (D:9)
  A steam dragon (Lair:1)
  A water moccasin (Lair:1)
  2 orc warriors
  A black bear (D:8)
  A centaur (D:9)
  2 lemures (D:9)
  A bullfrog (Lair:1)
  2 killer bees (D:10)
  An electric eel (D:10)
  A crimson imp (D:10)
  2 orcs
  A kobold (D:10)
  A butterfly (Lair:1)
27 creatures vanquished.

Vanquished Creatures (others)
  A black bear (D:7)
  A blink frog zombie (Lair:2)
  A bullfrog (Lair:1)
  A killer bee (D:10)
  A bullfrog zombie (Lair:1)
  A black bear zombie (Lair:1)
  An orc wizard (D:10)
  4 killer bee zombies (D:10)
  2 steam dragon zombies
  2 adders (D:4)
  An orc (D:10)
  A gnoll zombie (D:8)
  6 orc zombies
23 creatures vanquished.

Grand Total: 250 creatures vanquished

Notes
Turn   | Place    | Note
-------+----------+-------------------------------------------
     0 | D:1      | spaghetti the Oni Chaos Knight began the quest for the Orb.
     0 | D:1      | Reached XP level 1. HP: 24/24 MP: 1/1
    93 | D:1      | Reached XP level 2. HP: 32/32 MP: 2/2
   371 | D:1      | XOM: silly message
   565 | D:2      | XOM: potion effect (haste)
   569 | D:2      | Reached skill level 4 in Maces & Flails
   570 | D:2      | XOM: smoke on damage
   572 | D:2      | Reached XP level 3. HP: 30/39 MP: 3/3
   624 | D:2      | Found an ornate altar of the Wu Jian Council.
   891 | D:2      | Learned a level 2 spell: Call Imp
   898 | D:2      | Noticed Terence
   900 | D:2      | XOM: confuse monster(s)
   903 | D:2      | Killed Terence
   904 | D:2      | Reached XP level 4. HP: 48/48 MP: 4/4
   922 | D:2      | Reached skill level 5 in Maces & Flails
  1375 | D:3      | Found Boifuh's Book Shop.
  1545 | D:3      | XOM: noise
  1555 | D:3      | XOM: smoke on damage
  1559 | D:3      | Reached XP level 5. HP: 36/53 MP: 5/5
  1836 | D:4      | Reached skill level 6 in Maces & Flails
  1971 | D:4      | XOM is BORED!
  1981 | D:4      | XOM: 4-stop teleportation journey
  1985 | D:4      | XOM: potion effect (brilliance)
  1986 | D:4      | Reached XP level 6. HP: 61/62 MP: 6/6
  1990 | D:4      | Reached skill level 7 in Maces & Flails
  1996 | D:4      | XOM: god gift: Xom's Anthology of Extremism {god gift}
  1997 | D:4      | Got Xom's Anthology of Extremism {god gift}
  2018 | D:4      | Found a staircase to the Ecumenical Temple.
  2146 | D:4      | Noticed Grinder
  2148 | D:4      | Paralysed by Grinder for 4 turns
  2152 | D:4      | XOM: divination: detect creatures
  2156 | D:4      | XOM: cast spell 'Leda's Liquefaction'
  2169 | D:4      | Killed Grinder
  2170 | D:4      | Reached skill level 8 in Maces & Flails
  2170 | D:4      | Reached XP level 7. HP: 40/70 MP: 7/7
  2178 | D:4      | XOM: 1-stop teleportation journey
  2394 | D:4      | XOM: stat loss: -1 Int (14/15)
  2438 | D:4      | XOM: divine lightning
  2925 | D:5      | Entered Level 5 of the Dungeon
  2961 | D:5      | Reached skill level 9 in Maces & Flails
  2971 | D:5      | XOM: silly message
  3143 | D:5      | Found Liofij's Firing Range.
  3194 | D:5      | XOM: silly message
  3202 | D:5      | Reached XP level 8. HP: 53/78 MP: 8/8
  3373 | D:5      | XOM: divination: magic mapping
  3376 | D:5      | Reached skill level 10 in Maces & Flails
  3613 | D:5      | Found a shimmering blue altar of Sif Muna.
  3847 | D:5      | Found a bloodstained altar of Trog.
  3989 | D:5      | Reached skill level 11 in Maces & Flails
  4221 | D:5      | XOM: cloud trail
  4257 | D:5      | Found a glowing silver altar of Zin.
  4352 | D:5      | Noticed Ijyb
  4358 | D:5      | Killed Ijyb
  4472 | D:6      | XOM: noise
  4474 | D:6      | Noticed a sun demon
  4481 | D:6      | Reached XP level 9. HP: 65/84 MP: 9/9
  4691 | D:6      | Noticed an entropy weaver
  4694 | D:6      | Found a transporter.
  4961 | D:6      | XOM: silly message
  4977 | D:6      | Reached skill level 12 in Maces & Flails
  4982 | D:6      | Learned a level 4 spell: Animate Dead
  5051 | D:6      | Reached skill level 1 in Necromancy
  5122 | D:6      | Reached skill level 1 in Summonings
  5186 | D:6      | Found an ancient bone altar of Kikubaaqudgha.
  5289 | D:6      | Found a one-way gate to the infinite horrors of the Abyss.
  5289 | D:6      | Noticed lchwts's ghost (novice MiFi)
  5326 | D:6      | Found a transporter.
  5387 | D:6      | XOM: silly message
  5544 | D:6      | XOM: silly message
  5684 | D:7      | Identified the +9 spear of Experimentation {vamp, rPois
                  | Int+3 Stlth+}
  5793 | D:7      | XOM: divination: detect creatures
  5831 | D:7      | XOM: summons 7 friendly demons
  5876 | D:7      | XOM: fog
  6026 | D:6      | XOM: god gift: 8 stones
  6196 | D:7      | XOM: confuse monster(s)
  6380 | D:7      | XOM: divine lightning
  6529 | D:7      | XOM: cloud trail
  6940 | D:7      | Found an iron altar of Okawaru.
  6940 | D:7      | Found a hazy altar of Hepliaklqana.
  7000 | D:7      | XOM: give mutations
  7000 | D:7      | Gained mutation: You have a pair of horns on your head.
                  | [Xom's grace]
  7000 | D:7      | Gained mutation: You expend magic power (3 MP) to
                  | strengthen your wands. [Xom's grace]
  7280 | D:8      | XOM: summons 1 hostile demon
  7330 | D:8      | Lost mutation: You expend magic power (3 MP) to strengthen
                  | your wands. [potion of mutation]
  7330 | D:8      | Lost mutation: You have a pair of horns on your head.
                  | [potion of mutation]
  7330 | D:8      | Gained mutation: You occasionally lose the ability to read
                  | scrolls when taking damage. [potion of mutation]
  7330 | D:8      | Gained mutation: You passively map a small area around you.
                  | [potion of mutation]
  7349 | D:8      | Reached XP level 10. HP: 37/92 MP: 3/10
  7375 | D:8      | Reached skill level 5 in Necromancy
  7420 | D:8      | XOM: enchant monster (good)
  7430 | D:8      | Found a snail-covered altar of Cheibriados.
  7555 | D:8      | XOM: scenery: summon butterflies
  7788 | D:8      | XOM: 3-stop teleportation journey
  7921 | D:8      | XOM: potion effect (invisibility)
  8248 | D:9      | XOM: 3-stop teleportation journey
  8269 | D:9      | Noticed Pikel
  8278 | D:9      | Killed Pikel
  8567 | D:9      | Reached skill level 1 in Spellcasting
  8567 | D:9      | Reached skill level 5 in Summonings
  8652 | D:9      | Found a sparkling altar of Nemelex Xobeh.
  8859 | D:9      | Found a staircase to the Orcish Mines.
  8982 | D:10     | Entered Level 10 of the Dungeon
  9003 | D:10     | Found a staircase to the Lair.
  9022 | D:10     | Found a blossoming altar of Fedhas.
  9264 | D:10     | Found a portal to a secret trove of treasure.
  9413 | D:10     | Found a stormy altar of Qazlal.
  9573 | D:10     | Noticed a deep elf pyromancer
  9594 | D:10     | XOM: confuse monster(s)
  9993 | D:10     | XOM: silly message
 10001 | D:10     | Killed a deep elf pyromancer
 10002 | D:10     | Reached XP level 11. HP: 52/100 MP: 13/15
 10257 | D:10     | XOM: noise
 10352 | Lair:1   | Entered Level 1 of the Lair of Beasts
 10360 | Lair:1   | Learned a level 6 spell: Death Channel
 10647 | Lair:1   | XOM: silly message
 11033 | Lair:1   | XOM: 2-stop teleportation journey
 11699 | Lair:2   | XOM: summons 6 friendly demons
 11732 | Lair:2   | Reached skill level 5 in Spellcasting
 11891 | Lair:2   | XOM: 2-stop teleportation journey
 11949 | Lair:2   | Identified the +0 kite shield "Jaggin" {Rampage}
 11974 | Lair:2   | Found a frozen archway.
 12055 | Lair:2   | Noticed an eight-headed hydra
 12063 | Lair:2   | Slain by an eight-headed hydra

Illustrated notes

Levels and vault maps discovered:
D:1:      nzn_arrival_water_spiral, layout_basic
D:2:      layout_loops_ring, basic_altar, uniq_terence
D:3:      layout_rooms, serial_shops, nicolae_shop_window_shopping
D:4:      layout_basic, minmay_temple_entry_offerings,
          minmay_misc_feat_ornament, minmay_circle_x, uniq_grinder
D:5:      layout_basic, kennysheep_mini_moat, led_sif_book, zin_statuary,
          nicolae_shop_firing_range, uniq_ijyb
D:6:      layout_layer_cave, mainiacjoe_overflow_concentric_impassable,
          gammafunk_ghost_abyssal_escape
D:7:      layout_loops_cross, gammafunk_temple_overflow_pools,
          kennysheep_small_circle
D:8:      layout_loops_cross, lemuel_tele_altar
D:9:      layout_cave_pools, lemuel_round_altar, orc_0_dummy, uniq_pikel
D:10:     layout_basic, mainiacjoe_overflow_alcove_1, fedhas_altar_3,
          lair_entry_dummy, enter_trove_2, hangedman_stone_soup
Lair:1:   layout_cave_pods, gauntlet_entry_generic, lemuel_fruit_fields,
          grunt_megastairs_5, lemuel_fruit_tree
Lair:2:   layout_regular_city, guppyfry_snake_entry_garden,
          portal_ice_cave_entry_ice_simulacra, infiniplex_staircase_pool

Skill      XL: |  1  2  3  4  5  6  7  8  9 10 11 |
---------------+----------------------------------+-----
Maces & Flails | 4 5 6 8 9 11 12 | 12.2
Necromancy     | 4 8 9 |  9.5
Summonings     | 3 5 6 |  6.0
Spellcasting   | 3 5 |  5.2
Fighting       | |  4.0
Dodging        | |  2.1

Action                     |  1- 3 |  4- 6 |  7- 9 | 10-12 || total
---------------------------+-------+-------+-------+-------++-------
  Melee: Mace              |    78 |   110 |   140 |       ||   328
         Punch             |     1 |     1 |     3 |     1 ||     6
         Headbutt          |    11 |    11 |    49 |    28 ||    99
         Club              |       |       |    79 |       ||    79
         Spear             |       |       |   101 |   188 ||   289
  Throw: Throwing net      |       |       |       |     4 ||     4
   Cast: Call Imp          |       |     1 |    14 |    35 ||    50
         Animate Dead      |       |       |     3 |     5 ||     8
  Evoke: Wand              |       |       |       |     7 ||     7
    Use: Scroll            |     3 |     2 |     6 |     5 ||    16
         Potion            |     3 |       |     5 |       ||     8
   Stab: Sleeping          |       |       |     1 |     2 ||     3
         Confused          |       |       |     1 |       ||     1
         Distracted        |       |       |       |     4 ||     4
 Armour: Robe              |    51 |    78 |   232 |   167 ||   528
         Skin              |       |       |    33 |     2 ||    35
  Dodge: Dodged            |    37 |    51 |   115 |    76 ||   279
  Block: Other             |       |       |    35 |    33 ||    68
         Reflection        |       |       |       |     2 ||     2
